 Dungeon Crawl Stone Soup version 0.28.0-45-g0d030f2227 (webtiles) character file.

Game seed: 4290036529314644476

37943 protoss039 the Thaumaturge (level 13, -3/83 HPs)
             Began as a Gargoyle Earth Elementalist on May 9, 2022.
             Was a High Priest of Vehumet.
             Killed from afar by a deep elf pyromancer (14 damage)
             ... with a bolt of fire
             ... on level 14 of the Dungeon.
             The game lasted 00:54:42 (22028 turns).

protoss039 the Thaumaturge (GrEE)                  Turns: 22028, Time: 00:54:43

Health: -3/83      AC: 17    Str: 13    XL:     13   Next: 99%
Magic:  29/38      EV: 10    Int: 26    God:    Vehumet [*****.]
Gold:   2276       SH: 16    Dex:  5    Spells: 5/36 levels left

rFire   . . .      SeeInvis .   E - +3 spear (venom)
rCold   . . .      Faith    .   j - +2 kite shield of Sif Muna's Whim {rPois Will+++ Dex-5 Stlth-}
rNeg    + . .      Spirit   .   q - +1 robe {Will+}
rPois   ∞          Reflect  +   r - +1 helmet
rElec   +          Harm     .   o - +0 cloak
rCorr   .          Rampage  .   (no gloves)
Will    ++++.                   (no boots)
Stlth   ..........              R - amulet of reflection
HPRegen 0.23/turn               Q - ring of magical power
MPRegen 0.26/turn               X - +6 ring of intelligence

@: studying Throwing, unable to read
A: sickness immunity, AC +9, negative energy resistance 1, electricity
resistance, torment resistance 1, petrification resistance, mutation resistance
1, inability to read while threatened
a: Renounce Religion


You were on level 14 of the Dungeon.
You worshipped Vehumet.
Vehumet was extremely pleased with you.
You visited 1 branch of the dungeon, and saw 14 of its levels.

You collected 2276 gold pieces.

Inventory:

Hand Weapons
 m - the +0 long sword of Exquisite Torment {freeze, Str+3 SInv}
   (You found it on level 14 of the Dungeon)

   It freezes those it strikes, dealing additional cold damage.
   It can also slow down cold-blooded creatures.
   Str:       It affects your strength (+3).
   SInv:      It lets you see invisible.
 w - a +3 hand axe of flaming
 x - the +3 war axe "Zutumeth" {holy, Str+4 Int+2}
   (You found it on level 5 of the Dungeon)

   It has been blessed by the Shining One to cause great damage to the undead
   and demons.
   Str:       It affects your strength (+4).
   Int:       It affects your intelligence (+2).
 E - a +3 spear of venom (weapon)
Missiles
 c - 521 stones
 I - 5 throwing nets
Armour
 d - a scarf of repulsion
 j - the +2 kite shield of Sif Muna's Whim (worn) {rPois Will+++ Dex-5 Stlth-}
   (You acquired it on level 14 of the Dungeon)

   Dex:       It affects your dexterity (-5).
   rPois:     It protects you from poison.
   Will:      It greatly increases your willpower.
   Stlth:     It makes you less stealthy.
 o - a +0 cloak (worn)
 q - a +1 robe of willpower (worn)
 r - a +1 helmet (worn)
 S - a +2 robe of cold resistance
Jewellery
 O - a ring of protection from cold
 Q - a ring of magical power (left hand)
 R - an amulet of reflection (around neck)
 U - a ring of resist corrosion
 W - a ring of wizardry
 X - a +6 ring of intelligence (right hand)
Wands
 n - a wand of polymorph (10)
 p - a wand of iceblast (17)
 z - a wand of charming (11)
 H - a wand of flame (56)
 L - a wand of digging (5)
 P - a wand of paralysis (3)
Scrolls
 a - 3 scrolls of blinking
 b - a scroll of summoning {unknown}
 h - a scroll of enchant armour {unknown}
 i - a scroll of torment {unknown}
 k - a scroll of teleportation
 t - 2 scrolls of magic mapping
 v - 2 scrolls of brand weapon
 D - 2 scrolls of immolation
 F - a scroll of amnesia {unknown}
 J - 3 scrolls of fog {unknown}
 K - a scroll of enchant weapon
 V - 2 scrolls of vulnerability {unknown}
 Y - 2 scrolls of identify
Potions
 e - 2 potions of mutation
 g - 3 potions of might {unknown}
 l - 2 potions of degeneration {unknown}
 s - 3 potions of magic
 u - 2 potions of heal wounds {unknown}
 A - a potion of resistance {unknown}
 B - 2 potions of flight {unknown}
 C - 2 potions of attraction {unknown}
 M - a potion of brilliance {unknown}
 N - 3 potions of ambrosia {unknown}
 T - 2 potions of lignification {unknown}


   Skills:
 * Level 10.6 Fighting
 * Level 8.2 Armour
 - Level 1.5 Dodging
 - Level 2.1 Stealth
 * Level 8.3 Shields
 * Level 12.2 Spellcasting
 + Level 9.5 Conjurations
 - Level 1.0 Transmutations
 + Level 4.0 Fire Magic
 - Level 12.0 Earth Magic
 - Level 3.0 Poison Magic


You had 5 spell levels left.
You knew the following spells:

 Your Spells              Type           Power      Damage    Failure   Level
a - Sandblast             Erth           100%       2d20      1%          1
b - Passwall              Tmut/Erth      40%        N/A       1%          2
c - Stone Arrow           Conj/Erth      100%       3d13      1%          3
d - Scorch                Fire           74%        2d8       1%          2
e - Starburst             Conj/Fire      25%        6d8       21%         6
f - Olgreb's Toxic Radia  Pois           31%        N/A       7%          4
g - Mephitic Cloud        Conj/Pois/Air  37%        N/A       1%          3
h - Iskenderun's Battles  Conj           60%        2d11      1%          5
i - Fireball              Conj/Fire      25%        3d11      4%          5

Your spell library contained the following spells:

 Spells                   Type           Power      Damage    Failure   Level
 Ozocubu's Refrigeration  Ice            7%         4d6       100%        7
 Static Discharge         Conj/Air       40%        N/A       1%          2
 Dazzling Flash           Conj/Hex       80%        N/A       1%          3
 Poisonous Vapours        Pois/Air       46%        N/A       2%          2
 Inner Flame              Hex/Fire       26%        N/A       3%          3
 Iskenderun's Mystic Bla  Conj/Tloc      40%        2d9       3%          4
 Sting                    Tmut/Pois      100%       1d8       4%          1
 Petrify                  Tmut/Erth      49%        N/A       6%          4
 Leda's Liquefaction      Hex/Erth       23%        N/A       8%          4
 Lightning Bolt           Conj/Air       20%        1d35      10%         5
 Call Canine Familiar     Summ           15%        N/A       26%         3
 Portal Projectile        Hex/Tloc       30%        N/A       26%         3
 Cause Fear               Hex            7%         N/A       65%         4
 Orb of Destruction       Conj           30%        9d10      36%         7
 Conjure Ball Lightning   Conj/Air       20%        3x3d6     43%         6
 Discord                  Hex            7%         N/A       100%        8
 Maxwell's Capacitive Co  Air            7%         ∞         100%        8


Dungeon Overview and Level Annotations

Branches:
Dungeon (14/15)            Temple (0/1) D:4            Lair (0/6) D:9
    Orc (0/2) D:12         Vaults (0/5) D:14

Altars:
Makhleb
Nemelex Xobeh
Ru
Uskayaw
Vehumet
Yredelemnul

Shops:
D:2 (   D:11 :

Annotations:
D:12 3 runed translucent doors, Cooqonn's ghost, journeyman DsVM
D:14 3 runed translucent doors, Zappman123's ghost, adept TeAE


Innate Abilities, Weirdness & Mutations

You are immune to sickness and miasma.
Your stone body is resilient. (AC +9)
You are immune to poison.
You resist negative energy. (rN+)
You are resistant to electric shocks. (rElec)
You are resistant to unholy torment.
You are immune to petrification.
You are somewhat resistant to further mutation.
You sometimes lose the ability to read scrolls when taking damage.


Message History

The bolt of fire misses you.
The centaur moves out of view.
A centaur warrior comes into view.
Unknown command.
Unknown command.
It was a potion of mutation.
You feel extremely strange.
You lose the ability to read scrolls when threatened.
You feel genetically stable.
The centaur wields a +3 shortbow.
The centaur shoots an arrow.
You reflect the arrow off an invisible shield around you!
The arrow hits the centaur.
Unknown command.
Okay, then.
Okay, then.
It was a potion of magic.
Magic courses through your body.
The centaur shoots an arrow.
You reflect the arrow off an invisible shield around you!
The arrow hits the centaur!
The centaur shoots an arrow.
The arrow hits you.
* * * LOW HITPOINT WARNING * * *
Unknown command.
Casting: Mephitic Cloud (safe; 1% risk of failure)
Confirm with . or Enter, or press ? or * to list all spells.
Aiming: Mephitic Cloud (safe; 1% risk of failure)
Press: ? - help, Shift-Dir - straight line, f - centaur
Aim: a centaur, wielding a +0 shortbow and quivering arrows (chance to affect: 81%)
The ball explodes into a vile cloud!
The stinking cloud engulfs the centaur but does no damage.
The stinking cloud engulfs the centaur warrior but does no damage.
The stinking cloud engulfs the centaur but does no damage.
The stinking cloud engulfs the deep elf pyromancer but does no damage.
The stinking cloud engulfs the centaur but does no damage.
The centaur is severely wounded.
The centaur is engulfed in noxious fumes.
The centaur appears confused.
The centaur is engulfed in noxious fumes.
The centaur appears confused.
The centaur is engulfed in noxious fumes.
The deep elf pyromancer gestures at you while chanting.
The bolt of fire hits you!
You feel threatened and lose the ability to read scrolls!
You die...

#.# #
.............#
..........$..#
.c..☼.......#
.c☼e.......#
#cc.......#
#.........#
#..c......#
#)..@.....#
#.....>...#
###########


You could see a centaur warrior, a deep elf pyromancer and 4 centaurs.

Vanquished Creatures
  Josephine (D:12)
  3 hydras
  A boulder beetle (D:11)
  5 centaur warriors (D:14)
  2 dancing weapons
  2 two-headed ogres
  3 tengu warriors
  4 skeletal warriors
  Pikel (D:3)
  A deep elf pyromancer (D:14)
  18 ugly things
  2 cyclopes
  4 manticores
  3 centaur zombies
  A gargoyle (D:12)
  2 unseen horrors
  2 kobold demonologists
  An efreet (D:13)
  A yaktaur (D:10)
  3 meliai (D:13)
  2 trolls
  10 slime creatures
  Sigmund (D:3)
  A vampire (D:14)
  19 yaks
  A wyvern (D:8)
  A shadow (D:11)
  4 wraiths (D:12)
  A basilisk (D:11)
  5 steam dragons
  2 vampire mosquitoes (D:11)
  Edmund (D:5)
  A water moccasin (D:9)
  Duvessa (D:6)
  A meliai simulacrum (D:14)
  7 orc warriors
  3 black bears
  5 ogres
  4 centaurs
  3 lemures
  3 kobold brigands
  4 gnoll sergeants
  4 bullfrogs
  A scorpion (D:6)
  A water moccasin zombie (D:4)
  Dowan (D:6)
  12 howler monkeys
  7 wights (D:8)
  2 bullfrog zombies (D:4)
  A centaur skeleton (D:5)
  4 hounds
  A gnoll shaman (D:8)
  9 orc priests
  2 bullfrog skeletons (D:6)
  Crazy Yiuf (D:3)
  3 iguanas
  A scorpion zombie (D:4)
  10 orc wizards
  Natasha (thrice) (D:3)
  A killer bee zombie (D:6)
  3 hound skeletons
  2 hound zombies
  A mummy (D:4)
  A howler monkey zombie (D:8)
  15 gnolls
  10 adders
  3 white imps
  3 ufetubi
  An adder zombie (D:4)
  4 worms
  2 dart slugs
  51 orcs
  5 bats
  9 endoplasms
  5 giant cockroaches
  10 goblins
  19 hobgoblins
  2 jackals (D:3)
  13 kobolds
  4 quokkas
  7 ball pythons
  3 frilled lizards
  3 hobgoblin zombies (D:4)
  An orc zombie (D:4)
  A quokka skeleton (D:4)
  5 rats
387 creatures vanquished.

Vanquished Creatures (others)
  A fungus (D:3)
  27 plants (D:8)
28 creatures vanquished.

Grand Total: 415 creatures vanquished

Notes
Turn   | Place    | Note
-------+----------+-------------------------------------------
     0 | D:1      | protoss039 the Gargoyle Earth Elementalist began the quest
                  | for the Orb.
     0 | D:1      | Reached XP level 1. HP: 10/10 MP: 3/3
   300 | D:1      | Reached skill level 1 in Transmutations
   497 | D:1      | Reached XP level 2. HP: 11/16 MP: 5/5
   638 | D:1      | Reached skill level 1 in Fighting
  1569 | D:1      | Learned a level 2 spell: Passwall
  1598 | D:2      | Reached XP level 3. HP: 17/21 MP: 4/6
  1980 | D:2      | Reached XP level 4. HP: 9/27 MP: 3/7
  2242 | D:2      | Found Noolock's Antique Weapon Boutique.
  2764 | D:2      | Learned a level 3 spell: Stone Arrow
  2817 | D:3      | Found a radiant altar of Vehumet.
  2817 | D:3      | Noticed Natasha
  3083 | D:3      | Reached XP level 5. HP: 13/32 MP: 9/9
  3439 | D:3      | Noticed Sigmund
  3465 | D:3      | Killed Sigmund
  3466 | D:3      | Reached skill level 5 in Earth Magic
  3466 | D:3      | Reached XP level 6. HP: 37/37 MP: 5/12
  3544 | D:3      | Found a faded altar of an unknown god.
  3592 | D:3      | Noticed an orc warrior
  3884 | D:3      | Found a burning altar of Makhleb.
  3885 | D:3      | Found a sacrificial altar of Ru.
  3949 | D:3      | Killed Natasha
  3950 | D:3      | Found a hide-covered altar of Uskayaw.
  3954 | D:3      | Became a worshipper of Vehumet
  4025 | D:3      | Found a runed translucent door.
  4026 | D:3      | Noticed Crazy Yiuf
  4132 | D:3      | Killed Crazy Yiuf
  4253 | D:3      | Noticed Natasha
  4260 | D:3      | Killed Natasha
  4261 | D:3      | Reached skill level 1 in Conjurations
  4280 | D:3      | Noticed Natasha
  4290 | D:3      | Killed Natasha
  4344 | D:4      | Noticed a black bear
  4349 | D:4      | Reached XP level 7. HP: 41/41 MP: 8/13
  4357 | D:4      | Reached skill level 5 in Spellcasting
  4610 | D:4      | Noticed Pikel
  4796 | D:3      | Killed Pikel
  4797 | D:3      | Reached XP level 8. HP: 27/46 MP: 1/17
  5056 | D:4      | Found a staircase to the Ecumenical Temple.
  5252 | D:4      | Reached skill level 1 in Armour
  5434 | D:4      | Found a basalt altar of Yredelemnul.
  5539 | D:4      | Reached * piety under Vehumet
  5539 | D:4      | Offered knowledge of Shock by Vehumet.
  5900 | D:5      | Entered Level 5 of the Dungeon
  5929 | D:5      | Identified the +3 war axe "Zutumeth" {holy, Str+4 Int+2}
  5961 | D:5      | Reached XP level 9. HP: 52/52 MP: 6/19
  7227 | D:6      | Noticed Dowan
  7228 | D:6      | Noticed Duvessa
  7234 | D:6      | Killed Duvessa
  7235 | D:6      | Killed Dowan
  7349 | D:6      | Reached skill level 5 in Fighting
  7359 | D:6      | Noticed Edmund
  7493 | D:5      | Reached skill level 5 in Conjurations
  7529 | D:5      | Killed Edmund
  8260 | D:6      | Offered knowledge of Scorch by Vehumet.
  8301 | D:7      | Reached ** piety under Vehumet
  8302 | D:7      | Reached XP level 10. HP: 53/60 MP: 11/22
  9396 | D:7      | Learned a level 2 spell: Scorch
  9430 | D:8      | Reached skill level 1 in Shields
  9773 | D:8      | Reached skill level 1 in Fire Magic
  9787 | D:8      | Offered knowledge of Mephitic Cloud by Vehumet.
 10279 | D:8      | Learned a level 3 spell: Mephitic Cloud
 10557 | D:8      | Reached *** piety under Vehumet
 11090 | D:8      | Noticed a two-headed ogre
 11093 | D:8      | Killed a two-headed ogre
 11437 | D:9      | Found a sparkling altar of Nemelex Xobeh.
 11682 | D:9      | Found a staircase to the Lair.
 11930 | D:9      | Noticed a kobold demonologist
 11935 | D:9      | Killed a kobold demonologist
 11949 | D:9      | Learned a level 4 spell: Olgreb's Toxic Radiance
 12061 | D:9      | Reached XP level 11. HP: 67/67 MP: 24/24
 12372 | D:10     | Entered Level 10 of the Dungeon
 12455 | D:10     | Reached skill level 5 in Armour
 12591 | D:10     | Reached skill level 1 in Poison Magic
 12653 | D:10     | Offered knowledge of Dazzling Flash by Vehumet.
 12754 | D:10     | Noticed a manticore
 12762 | D:10     | Killed a manticore
 13694 | D:11     | Noticed a boulder beetle
 13761 | D:11     | Killed a boulder beetle
 14062 | D:11     | Found Sillidghe's Book Emporium.
 14248 | D:11     | Reached **** piety under Vehumet
 14249 | D:11     | Reached skill level 5 in Shields
 14407 | D:11     | Offered knowledge of Fulminant Prism by Vehumet.
 15005 | D:11     | Reached skill level 10 in Earth Magic
 15020 | D:11     | Reached skill level 10 in Spellcasting
 15247 | D:11     | Reached XP level 12. HP: 65/75 MP: 12/26
 15687 | D:12     | Found a staircase to the Orcish Mines.
 15842 | D:12     | Found a runed translucent gate.
 15842 | D:12     | Found a runed translucent gate.
 16072 | D:12     | Noticed a five-headed hydra
 16076 | D:12     | Killed a five-headed hydra
 16208 | D:12     | Noticed a tengu warrior
 16215 | D:12     | Killed a tengu warrior
 16375 | D:12     | Noticed Josephine
 16383 | D:12     | Killed Josephine
 16618 | D:12     | Reached ***** piety under Vehumet
 16734 | D:12     | Found a runed translucent gate.
 16736 | D:12     | Noticed Cooqonn's ghost (journeyman DsVM)
 16938 | D:13     | Noticed a tengu warrior
 16952 | D:13     | Killed a tengu warrior
 17863 | D:13     | Noticed a two-headed ogre
 17870 | D:12     | Killed a two-headed ogre
 17968 | D:13     | Learned a level 6 spell: Starburst
 18529 | D:13     | Learned a level 5 spell: Iskenderun's Battlesphere
 18532 | D:14     | Noticed a centaur warrior
 18834 | D:14     | Noticed a six-headed hydra
 18844 | D:13     | Reached XP level 13. HP: 55/80 MP: 28/28
 19750 | D:14     | Identified the +1 robe of Indecent Exposure {*Corrode rElec
                  | Str+6}
 19873 | D:14     | Identified the +0 long sword of Exquisite Torment {freeze,
                  | Str+3 SInv}
 20443 | D:14     | Learned a level 5 spell: Fireball
 20478 | D:14     | Offered knowledge of Ozocubu's Refrigeration by Vehumet.
 20587 | D:14     | Reached skill level 10 in Fighting
 20590 | D:14     | Found a gate to the Vaults.
 21144 | D:14     | Found a runed translucent gate.
 21144 | D:14     | Noticed Zappman123's ghost (adept TeAE)
 21145 | D:14     | Found a runed translucent gate.
 21145 | D:14     | Found a runed translucent gate.
 21726 | D:14     | Identified 2 scrolls of acquirement
 21726 | D:14     | Acquired 1242 gold pieces
 21728 | D:14     | Acquired the +2 kite shield of Sif Muna's Whim {rPois
                  | Will+++ Dex-5 Stlth-}
 22026 | D:14     | Gained mutation: You sometimes lose the ability to read
                  | scrolls when taking damage. [potion of mutation]
 22026 | D:14     | Gained mutation: You are somewhat resistant to further
                  | mutation. [potion of mutation]
 22028 | D:14     | Killed from afar by a deep elf pyromancer

Illustrated notes

Levels and vault maps discovered:
D:1:      minmay_arrival_arboretum_large, layout_basic
D:2:      layout_rooms, serial_shops, shop, minmay_goblin_outpost
D:3:      layout_basic, nicolae_overflow_squiral,
          nicolae_overflow_hidden_temple, hellmonk_ecumenical_altar_arch_garden,
          guppyfry_early_orc_mine, uniq_natasha, uniq_sigmund,
          uniq_crazy_yiuf_cottage
D:4:      layout_cave_pools, nicolae_yredelemnul_corpse_copse,
          minmay_temple_entry_purple_smoke, minmay_mini_ossuary, uniq_pikel
D:5:      layout_basic, chequers_serial_rivers_micro_d, minivault_11,
          minivault_14
D:6:      layout_cave_pools, minmay_misc_feat_hallway, uniq_duvessa, uniq_edmund
D:7:      layout_loops_ring, grunt_decor_clamped
D:8:      kennysheep_housing_project, layout_loops_ring, minmay_liquid_box
D:9:      layout_layer_cave, nemelex_xobeh_ov_fountains_minmay, lair_entry_dummy
D:10:     minmay_diamond_stairs, layout_basic, kennysheep_generic_room_9
D:11:     layout_loops_ring, serial_shops, nicolae_shop_behind_doors
D:12:     layout_small_grid, hiddenorc2_lemuel, ebering_ghost_rock_garden,
          nicolae_benzene_ring, uniq_josephine
D:13:     layout_gridville
D:14:     minmay_slanted_spiral_squares, layout_gridville, erik_vaults_1,
          ebering_ghost_rock_garden

Skill      XL: |  1  2  3  4  5  6  7  8  9 10 11 12 13 |
---------------+----------------------------------------+-----
Transmutations | 1 |  1.0
Fighting       | 2 3 4 6 7 8 9 10 | 10.6
Earth Magic    | 4 5 6 7 8 9 10 11 12 | 12.0
Spellcasting   | 4 6 8 9 10 11 12 | 12.2
Conjurations   | 1 3 4 5 6 7 9 |  9.5
Armour         | 2 3 4 6 8 |  8.2
Shields        | 3 6 8 |  8.3
Fire Magic     | 1 2 4 |  4.0
Poison Magic   | 3 |  3.0
Dodging        | |  1.5
Stealth        | |  2.1

Action                   |  1- 3 |  4- 6 |  7- 9 | 10-12 | 13-15 || total
-------------------------+-------+-------+-------+-------+-------++-------
Melee: Dagger            |    53 |       |       |       |       ||    53
       Unarmed           |     1 |       |       |       |       ||     1
       Spear             |    36 |   149 |    11 |    23 |     3 ||   222
       Punch             |       |     1 |       |     1 |       ||     2
       Whip              |       |       |     6 |       |       ||     6
       War axe           |       |       |    32 |   191 |     6 ||   229
 Cast: Sandblast         |    22 |    48 |    49 |    40 |     5 ||   164
       Stone Arrow       |       |     6 |    79 |   194 |   106 ||   385
       Passwall          |       |       |     2 |       |     2 ||     4
       Mephitic Cloud    |       |       |       |    21 |     7 ||    28
       Scorch            |       |       |       |    13 |       ||    13
       Olgreb's Toxic Ra |       |       |       |    26 |    17 ||    43
       Iskenderun's Batt |       |       |       |     3 |    18 ||    21
Evoke: Wand              |       |       |       |     1 |       ||     1
  Use: Scroll            |       |       |     3 |     2 |     7 ||    12
       Potion            |       |       |       |     4 |     4 ||     8
 Stab: Sleeping          |     5 |     4 |     1 |     1 |       ||    11
       Confused          |       |       |       |     2 |       ||     2
Armor: Robe              |    26 |    19 |    66 |   172 |    35 ||   318
       Ring mail         |       |    75 |       |       |       ||    75
Dodge: Dodged            |    42 |   110 |    73 |   176 |    27 ||   428
Block: Buckler           |       |       |       |   111 |    45 ||   156
       Reflection        |       |       |       |     3 |    16 ||    19
       Kite shield       |       |       |       |       |    16 ||    16
